 Dungeon Crawl Stone Soup version 0.19.1 (webtiles) character file.

92 tyranidshit the Skirmisher (level 4, 0/39 HPs)
             Began as a Demonspawn Abyssal Knight on Dec 18, 2016.
             Was a Follower of Lugonu.
             Succumbed to Crazy Yiuf's poison
             ... on level 2 of the Dungeon.
             The game lasted 00:03:42 (1686 turns).

tyranidshit the Skirmisher (DsAK)                   Turns: 1686, Time: 00:03:43

Health: 0/39       AC: 16    Str: 13    XL:     4   Next: 35%
Magic:  3/5        EV:  3    Int: 14    God:    Lugonu [*.....]
Gold:   86         SH:  0    Dex: 12    Spells: 0 memorised, 3 levels left

rFire  . . .     SeeInvis .     a - +1 hand axe
rCold  . . .     Gourm    .     h - +3 plate armour
rNeg   . . .     Faith    .     (no shield)
rPois  .         Spirit   .     (no helmet)
rElec  .         Reflect  .     (no cloak)
rCorr  .         Harm     .     (no gloves)
MR     .....                    (no boots)
Stlth  ..........               (no amulet)
                                k - +3 ring of protection
                                g - +2 ring of slaying

@: lethally poisoned (0 -> -7)
A: claws 1, demonic guardian 1
a: Depart the Abyss, Renounce Religion


You were on level 2 of the Dungeon.
You worshipped Lugonu.
Lugonu was aware of your devotion.
You were not hungry.

You visited 1 branch of the dungeon, and saw 2 of its levels.
You visited the Abyss 1 time.

You collected 86 gold pieces.

Inventory:

Hand Weapons
 a - a +1 hand axe (weapon)
Armour
 b - a +0 leather armour
 e - a +0 ring mail
 h - a +3 plate armour (worn)
Jewellery
 g - a +2 ring of slaying (left claw)
 k - a +3 ring of protection (right claw)
Scrolls
 i - 2 scrolls of identify
 l - a scroll of magic mapping {unknown}
 n - a scroll of recharging
 o - a scroll of enchant armour {unknown}
 p - a scroll of immolation {unknown}
Potions
 m - a potion of flight
Comestibles
 c - 22 fruits
 d - 2 slices of pizza
 f - a meat ration
 j - 2 beef jerkies


   Skills:
 + Level 5.2 Fighting
 - Level 1.7 Axes
 - Level 1.7 Armour
 - Level 0.8 Dodging
 - Level 2.4 Invocations


You had 3 spell levels left.
You didn't know any spells.

Dungeon Overview and Level Annotations

Branches:
Dungeon (2/15)

Altars:
Ashenzari
Cheibriados
Xom
The Shining One


Innate Abilities, Weirdness & Mutations

You have sharp fingernails.
A weak demonic guardian rushes to your aid.


Message History

* * * LOW HITPOINT WARNING * * *
Crazy Yiuf freezes you.
* * * LOW HITPOINT WARNING * * *
Okay, then.
You hit Crazy Yiuf.
Crazy Yiuf is almost dead.
* * * LOW HITPOINT WARNING * * *
You feel sick. Crazy Yiuf hits you but does no damage.
You closely miss Crazy Yiuf.
Crazy Yiuf is almost dead.
* * * LOW HITPOINT WARNING * * *
You feel sick. Crazy Yiuf hits you but does no damage.
You hit Crazy Yiuf.
You kill Crazy Yiuf!
Lugonu accepts your kill.
Your Fighting skill increases to level 5!
You have reached level 4!
You feel clever.
Your demonic ancestry asserts itself...
You feel the presence of a demonic guardian.
You die...

.# #######.#..#.#####.########.
)# #.#.....# #.# #. .#
#.#.....# #.# #. .# #########
#.######### .##### #.#≈≈≈≈≈≈≈≈
.....####♣♣♣♣♣ ###≈......≈
.....##.#P.♣.♣♣♣ #### #≈......≈
..........P.♣..♣#...# #≈......≈
.........P.♣♣♣♣.@)..# #≈......≈
.#####..#P♣♣ ♣♣#..)# #≈......≈
.......##♣♣ #### #≈≈≈≈≈≈≈≈
######## ######'#### .....#.#
#.......# .###.#.####
##########.^.....# .###.#.##.#
#................#
..........#########.###########
####.#......<# ##...# ###


There were no monsters in sight!

Vanquished Creatures
  Crazy Yiuf (D:2)
  A gnoll (D:1)
  An ooze (D:2)
  2 dart slugs
  2 leopard geckos
  3 bats
  3 giant cockroaches (D:2)
  7 goblins
  5 hobgoblins
  4 jackals (D:2)
  2 frilled lizards
  4 kobolds (D:2)
  4 rats
39 creatures vanquished.

Notes
Turn   | Place    | Note
-------+----------+-------------------------------------------
     0 | Abyss:1  | tyranidshit the Demonspawn Abyssal Knight began the quest for the Orb.
     0 | Abyss:1  | Reached XP level 1. HP: 18/18 MP: 2/2
    58 | Abyss:1  | Noticed an ancient zyme
    73 | Abyss:1  | Noticed an ancient zyme
    91 | D:1      | Escaped the Abyss
   185 | D:1      | Gained mutation: You have sharp fingernails. [demonic ancestry]
   185 | D:1      | Reached XP level 2. HP: 16/24 MP: 3/3
   274 | D:1      | Reached skill level 4 in Fighting
   495 | D:1      | Reached * piety under Lugonu
   698 | D:2      | Found a faded altar of an unknown god.
   703 | D:2      | Reached XP level 3. HP: 30/30 MP: 4/4
   881 | D:2      | Found a snail-covered altar of Cheibriados.
  1092 | D:2      | Found a shimmering altar of Xom.
  1131 | D:2      | Found a shattered altar of Ashenzari.
  1144 | D:2      | Found a glowing golden altar of the Shining One.
  1293 | D:2      | Found a runed door.
  1676 | D:2      | Noticed Crazy Yiuf
  1685 | D:2      | HP: 1/32 [poisoned by Crazy Yiuf]
  1686 | D:2      | Killed Crazy Yiuf
  1686 | D:2      | Reached skill level 5 in Fighting
  1686 | D:2      | Gained mutation: A weak demonic guardian rushes to your aid. [demonic ancestry]
  1686 | D:2      | Reached XP level 4. HP: 1/39 MP: 3/5
  1686 | D:2      | Succumbed to Crazy Yiuf's poison

Skill      XL: |  1  2  3 |
---------------+----------+-----
Fighting       | 4 5 |  5.2
Axes           | |  1.7
Armour         | |  1.7
Dodging        | |  0.8
Invocations    | |  2.4

Action                   |  1- 3 |  4- 6 || total
-------------------------+-------+-------++-------
Melee: Hand axe          |   118 |       ||   118
Invok: Depart the Abyss  |     1 |       ||     1
  Use: Scroll            |     4 |       ||     4
       Potion            |     4 |       ||     4
  Eat: Bread ration      |     1 |       ||     1
Armor: Plate armour      |   128 |       ||   128
Dodge: Dodged            |    24 |       ||    24
